Cogmind - Beta 10.2 @@@ ROGUE MODE // 2020.12.27 @ 23:22:24 // AFD2018/Launchers Player: Michael Result: Self-destructed Performance ------------- Evolutions (5) 2500 Regions Visited (10) 2000 Robots Destroyed (115) 575 Value Destroyed (2615) 2615 Prototype IDs (7) 140 Alien Tech Used (0) 0 Bonus (434) 434 TOTAL SCORE: 8264 Bonus ------- High Alert Combat Kills 245 Follower Combat Kills 278 Aligned with FarCom 300 Friendly Fire -389 Cogmind --------- Core Integrity 83/1000 Matter 150/300 Energy 99/100 System Corruption 4% Temperature Cool (0) Movement Core (50) Location -5/Factory Parts ------- > --- POWER (2) -------- (None) > --- PROPULSION (5) --- (None) > --- UTILITY (7) ------ (None) > --- WEAPON (3) ------- (None) > --- INVENTORY (4) ---- Medium Storage Unit High-capacity Storage Unit Improved Proton Missile Launcher Mini Smartbomb Launcher Peak State ------------ > --- POWER ------------ Improved Deuterium Engine Improved Deuterium Engine > --- PROPULSION ------- Wheel Armored Wheel Armored Wheel > --- UTILITY ---------- Medium Storage Unit Launcher Guidance Computer Improved Light Armor Plating > --- WEAPON ----------- Advanced EMP Blaster Improved Proton Missile Launcher Precision Grenade Launcher > --- INVENTORY -------- Wheel Improved Proton Missile Launcher Improved Proton Missile Launcher Guided EMP Blaster Heavy Missile Launcher Long-range Missile Launcher Long-range Missile Launcher [Rating: 38] Favorites ----------- Power Ion Engine Engine Ion Engine Reactor Light Antimatter Reactor Propulsion Wheel Wheel Wheel Utility Launcher Guidance Computer Device Weight Redist. System Storage Medium Storage Unit Processor Launcher Guidance Computer Protection Improved Light Armor Plating Weapon Advanced EMP Blaster Launcher Advanced EMP Blaster Build | -11 -10 -10 -10 -9 -8 -8 -7 -6 -6 -5 ------- Run | Scr Mat Min Exi Min Mat Sto Fac Fac Low Fac Slots Evolved 10 | . . . . . 4 . 2 2 . 2 Power 1 | . . . . . . . . 1 . . Propulsion 3 | . . . . . 1 . . . . 2 Utility 5 | . . . . . 3 . 2 . . . Weapon 1 | . . . . . . . . 1 . . Parts Attached 107 | 1 . 6 . 5 13 20 21 19 . 22 Power 8 | . . 1 . . 1 2 2 1 . 1 Engine 7 | . . 1 . . 1 2 2 1 . . Core . | . . . . . . . . . . . Reactor 1 | . . . . . . . . . . 1 Propulsion 29 | . . 2 . 2 3 4 7 4 . 7 Treads . | . . . . . . . . . . . Leg . | . . . . . . . . . . . Wheel 29 | . . 2 . 2 3 4 7 4 . 7 Hover . | . . . . . . . . . . . Flight . | . . . . . . . . . . . Utility 12 | . . 1 . . 3 1 1 2 . 4 Device 1 | . . . . . 1 . . . . . Storage 9 | . . . . . 2 1 . 2 . 4 Processor 1 | . . 1 . . . . . . . . Hackware . | . . . . . . . . . . . Protection 1 | . . . . . . . 1 . . . Artifact . | . . . . . . . . . . . Weapon 58 | 1 . 2 . 3 6 13 11 12 . 10 Energy Gun . | . . . . . . . . . . . Energy Cannon . | . . . . . . . . . . . Ballistic Gun . | . . . . . . . . . . . Ballistic Cannon . | . . . . . . . . . . . Launcher 58 | 1 . 2 . 3 6 13 11 12 . 10 Special Weapon . | . . . . . . . . . . . Impact Weapon . | . . . . . . . . . . . Slashing Weapon . | . . . . . . . . . . . Piercing Weapon . | . . . . . . . . . . . Special Melee Weapon . | . . . . . . . . . . . Unidentified Prototypes 7 | . . . . . 1 . 1 2 . 3 Parts Lost 31 | . . 1 . . 2 7 3 12 . 6 Power 3 | . . . . . . 1 . 2 . . Propulsion 17 | . . . . . 1 5 2 4 . 5 Utility 3 | . . . . . . 1 . 2 . . Weapon 8 | . . 1 . . 1 . 1 4 . 1 Highest Loss Streak 5 | . . 1 . . 2 4 2 5 . 3 Average Slot Usage (%) 55 | . 14 34 85 85 77 68 58 66 . 14 Engine 6 | . . 5 14 14 9 7 4 11 . . Wheel 17 | . . 8 28 28 26 18 20 18 . 7 Device 1 | . . . . . 4 3 . . . . Storage 6 | . . . . . 9 15 7 5 . 2 Processor 6 | . . 2 14 14 9 9 7 5 . . Protection 1 | . . . . . . . 3 5 . . Launcher 14 | . 14 18 28 28 17 15 13 18 . 4 Naked Turns 522 | . . 17 . . . . . 46 119 340 Heaviest Build 77 | 3 3 11 11 13 33 33 34 77 . 47 Greatest Support 36 | 3 3 20 20 20 36 36 30 34 3 32 Greatest Overweight (x) 6 | . . 1 . . 1 6 3 2 . 2 Average Overweight (x) . | . . . . . . . . . . . Largest Inventory Capacity 12 | 4 4 4 4 4 12 12 8 12 4 12 Average Capacity 7 | 4 4 4 4 4 8 10 8 8 4 7 Most Carried 12 | 4 4 4 4 4 9 9 8 8 4 12 Average Carried 6 | 3 4 3 4 3 5 7 7 7 4 5 Final Capacity 12 | 4 4 4 4 4 12 8 8 4 4 4 Final Carried 9 | 4 4 4 4 4 9 2 8 4 4 4 Class Distribution -------------------- 62% | Scavenger-Mutant 30% | Mutant 7% | Scavenger-Skirmisher Dominant Class ---------------- Mutant | -10/Materials Mutant | -10/Mines Scavenger-Mutant | -10/Exiles Scavenger-Mutant | -9/Mines Scavenger-Mutant | -8/Materials Scavenger-Mutant | -8/Storage Scavenger-Mutant | -7/Factory Scavenger-Skirmisher | -6/Factory Mutant | -6/Lower Caves Mutant | -5/Factory Resources | -11 -10 -10 -10 -9 -8 -8 -7 -6 -6 -5 ----------- Run | Scr Mat Min Exi Min Mat Sto Fac Fac Low Fac Matter Collected 2531 | . . 361 . 71 349 514 382 408 . 446 Remotely . | . . . . . . . . . . . Salvage Created 3782 | . . 186 . 143 774 902 699 891 . 187 Parts 192 | . . 12 . 10 46 45 41 26 . 12 Haulers Intercepted 6 | . . . . . 3 2 . . . 1 Recyclers Shooed 4 | . . . . . . 2 1 1 . . Parts Field Recycled . | . . . . . . . . . . . Retrieved Matter . | . . . . . . . . . . . Parts Self-Destructed . | . . . . . . . . . . . Prevented . | . . . . . . . . . . . Kills | -11 -10 -10 -10 -9 -8 -8 -7 -6 -6 -5 ------- Run | Scr Mat Min Exi Min Mat Sto Fac Fac Low Fac Combat Hostiles Destroyed 41 | . . 3 . . 5 14 5 13 . 1 AOE 37 | . . 3 . . 5 14 4 10 . 1 Classes Destroyed 14 | . . 4 . . 7 1 2 . . . Worker 27 | . . 2 . 1 7 7 6 1 . 3 Builder 11 | . . . . . 2 3 3 . . 3 Tunneler 6 | . . 2 . 2 1 . 1 . . . Hauler 6 | . . . . . 3 2 . . . 1 Recycler 12 | . . 2 . 1 1 3 3 2 . . Mechanic 1 | . . . . . . 1 . . . . Operator 2 | . . . . . 1 . . 1 . . Watcher 9 | . . . . . 2 2 2 2 . 1 Swarmer 12 | . . 3 . . . 6 . 3 . . Grunt 13 | . . . . . 2 5 . 5 . 1 Brawler 2 | . . . . . 1 . . 1 . . Sentry 8 | . . . . . 2 3 2 1 . . Hunter 2 | . . . . . . . 1 1 . . Programmer 4 | . . . . . . . 2 2 . . Best Kill Streak 10 | . . 3 . 2 4 10 4 6 . 4 Combat Bots Only 5 | . . 3 . . 3 5 2 5 . 1 Max Kills in Single Turn 5 | . . 2 . 2 3 5 2 5 . 3 Gunslinging . | . . . . . . . . . . . Exploded 4 | . . 2 . . 1 3 1 4 . 1 Melee . | . . . . . . . . . . . Uniques/NPCs Destroyed . | . . . . . . . . . . . Combat | -11 -10 -10 -10 -9 -8 -8 -7 -6 -6 -5 -------- Run | Scr Mat Min Exi Min Mat Sto Fac Fac Low Fac Damage Taken 5236 | . . 196 . 15 265 1006 585 1679 24 1466 Core 2073 | . . 113 . . 43 237 128 611 24 917 Absorbed by Shields 8 | . . . . . . . 8 . . . Core Remaining (%) 61 | 100 . . . 54 . 49 81 . 25 . Volleys Fired 155 | . . 10 . 6 30 38 28 20 . 23 Largest 3 | . . 1 . 2 2 2 2 3 . 1 Hottest 122 | . . 30 . 60 72 72 75 122 . 46 Shots Fired 198 | . . 10 . 7 36 45 38 39 . 23 Gun . | . . . . . . . . . . . Cannon . | . . . . . . . . . . . Launcher 198 | . . 10 . 7 36 45 38 39 . 23 Special . | . . . . . . . . . . . Kinetic . | . . . . . . . . . . . Thermal . | . . . . . . . . . . . Explosive 82 | . . 10 . 2 5 18 11 16 . 20 Electromagnetic 116 | . . . . 5 31 27 27 23 . 3 Robot Hit Streak 12 | . . 4 . 9 8 12 10 12 . 6 Robot Miss Streak 1 | . . . . . 1 1 1 1 . 1 Penetration Max . | . . . . . . . . . . . Secondary Targets . | . . . . . . . . . . . Shots Hit Robots 104 | . . 4 . 5 17 16 28 27 . 7 Core Hits 165 | . . 10 . 8 24 40 26 31 . 26 Critical Hits . | . . . . . . . . . . . Critical Kills . | . . . . . . . . . . . Critical Parts Destroyed . | . . . . . . . . . . . Melee Attacks . | . . . . . . . . . . . Impact . | . . . . . . . . . . . Slashing . | . . . . . . . . . . . Piercing . | . . . . . . . . . . . Sneak Attacks . | . . . . . . . . . . . Combat Hostiles . | . . . . . . . . . . . Follow-up Attacks . | . . . . . . . . . . . Damage Inflicted 10868 | . . 436 . 208 1720 2691 1483 2680 . 1650 Guns . | . . . . . . . . . . . Cannons . | . . . . . . . . . . . Explosions 10833 | . . 436 . 208 1720 2691 1483 2656 . 1639 Melee . | . . . . . . . . . . . Ramming 35 | . . . . . . . . 24 . 11 Kinetic . | . . . . . . . . . . . Thermal 1357 | . . . . 4 153 242 78 880 . . Explosive 4540 | . . 436 . 51 311 868 404 1047 . 1423 Electromagnetic 4936 | . . . . 153 1256 1581 1001 729 . 216 Impact . | . . . . . . . . . . . Slashing . | . . . . . . . . . . . Piercing . | . . . . . . . . . . . Highest Corruption 13 | . . . . . 1 13 4 5 5 4 Average Corruption 3 | . . . . . 1 8 2 1 5 1 Corruption Purged . | . . . . . . . . . . . Effects 67 | . . . . . 4 36 12 5 4 6 Message Errors 15 | . . . . . 2 3 3 2 . 5 Matter Fused 10 | . . . . . . 7 1 . 2 . Heat Flow Errors 6 | . . . . . . 3 2 . . 1 Energy Discharges 11 | . . . . . . 6 3 1 1 . Parts Rejected 1 | . . . . . . 1 . . . . Data Loss (minor) 9 | . . . . . 2 3 2 1 1 . Data Loss (major) 1 | . . . . . . 1 . . . . Alerts 1 | . . . . . . 1 . . . . Misdirections 6 | . . . . . . 6 . . . . Targeting Errors 5 | . . . . . . 4 . 1 . . Weapon Failures 2 | . . . . . . 1 1 . . . Overload Shots . | . . . . . . . . . . . Overflow Damage 572 | . . 28 . . 105 181 23 167 . 68 Projectiles . | . . . . . . . . . . . Explosions 572 | . . 28 . . 105 181 23 167 . 68 Melee . | . . . . . . . . . . . Knockbacks . | . . . . . . . . . . . Impact . | . . . . . . . . . . . Kinetic . | . . . . . . . . . . . Secondary . | . . . . . . . . . . . Self-Inflicted Damage 777 | . . 59 . 16 204 145 169 179 . 5 Shots 38 | . . 7 . 1 9 9 7 5 . . Rammed 4 | . . . . . . . . 2 . 2 Targets Rammed 4 | . . . . . . . . 2 . 2 Kicked . | . . . . . . . . . . . Crushed . | . . . . . . . . . . . Highest Temperature 290 | . . 5 . . 14 253 290 108 . 219 Average Temperature 65 | . . 5 . . 5 83 124 38 . 119 Received Heat Transfer 791 | . . . . . 18 90 12 507 . 164 Siege Activations . | . . . . . . . . . . . Robots Corrupted 7 | . . . . . 1 1 2 3 . . Combat Hostiles 4 | . . . . . . . 1 3 . . Parts Fried 31 | . . . . . 8 10 7 6 . . Impact Corruptions . | . . . . . . . . . . . Robots Melted . | . . . . . . . . . . . Combat Hostiles . | . . . . . . . . . . . Parts Melted 2 | . . . . . . 1 . 1 . . Heat Transferred 1250 | . . . . 50 150 300 50 700 . . Parts Sabotaged . | . . . . . . . . . . . Parts Stolen . | . . . . . . . . . . . Parts Stripped . | . . . . . . . . . . . Power Chain Reactions 15 | . . . . 1 5 8 1 . . . Missiles Intercepted . | . . . . . . . . . . . Alert | -11 -10 -10 -10 -9 -8 -8 -7 -6 -6 -5 ------- Run | Scr Mat Min Exi Min Mat Sto Fac Fac Low Fac Peak Influence 795 | . 13 109 . 20 224 635 495 795 . 637 Initial 315 | . . 4 . . 7 49 175 242 . 315 Average 249 | . 8 81 . 8 93 311 327 289 . 408 Maximum Alert Level 3 | . . . . . 1 2 2 3 . 2 Low Security (%) 43 | 100 100 100 . 100 96 29 12 29 . . Level 1 31 | . . . . . 3 36 55 51 . 39 Level 2 23 | . . . . . . 34 31 13 . 60 Level 3 . | . . . . . . . . 5 . . Level 4 . | . . . . . . . . . . . Level 5 . | . . . . . . . . . . . High Security . | . . . . . . . . . . . Max Security . | . . . . . . . . . . . Squads Dispatched 21 | . 1 . . . 1 1 6 5 . 7 Investigation . | . . . . . . . . . . . Extermination 6 | . . . . . . . 2 2 . 2 Reinforcement 12 | . 1 . . . 1 1 4 2 . 3 Assault 3 | . . . . . . . . 1 . 2 Garrison . | . . . . . . . . . . . Intercept . | . . . . . . . . . . . Construction Impeded 8 | . . . . . 1 1 4 . . 2 Haulers Reinforced 1 | . . . . . . . . . . 1 Stealth | -11 -10 -10 -10 -9 -8 -8 -7 -6 -6 -5 --------- Run | Scr Mat Min Exi Min Mat Sto Fac Fac Low Fac Distress Signals 5 | . . . . . . . 2 3 . . Communications Jammed . | . . . . . . . . . . . Distress Signals . | . . . . . . . . . . . Times Spotted 121 | . 2 5 . . 14 22 13 28 1 36 Peak Tracking Total 9 | . 2 3 . . 3 4 6 8 1 9 Tactical Retreats 16 | . . 1 . . 1 2 1 3 . 8 Traps | -11 -10 -10 -10 -9 -8 -8 -7 -6 -6 -5 ------- Run | Scr Mat Min Exi Min Mat Sto Fac Fac Low Fac Traps Triggered 9 | . . . . . . 1 3 1 . 4 Indirectly 2 | . . . . . . 1 . 1 . . Trap Hack Attempts . | . . . . . . . . . . . Triggered . | . . . . . . . . . . . Disarmed . | . . . . . . . . . . . Reprogrammed . | . . . . . . . . . . . Reused . | . . . . . . . . . . . Traps Extracted . | . . . . . . . . . . . Installed . | . . . . . . . . . . . Triggered . | . . . . . . . . . . . Machines | -11 -10 -10 -10 -9 -8 -8 -7 -6 -6 -5 ---------- Run | Scr Mat Min Exi Min Mat Sto Fac Fac Low Fac Machines Disabled 41 | . . . . . 8 5 15 10 . 3 Max in Single Turn 7 | . . . . . 2 2 7 5 . 1 Garrison Access 3 | . . . . . 1 . 1 1 . . Machines Sabotaged . | . . . . . . . . . . . Garrisons Compromised . | . . . . . . . . . . . Overloaded Fab Kills . | . . . . . . . . . . . Fab Network Shutdowns . | . . . . . . . . . . . Hacking | -11 -10 -10 -10 -9 -8 -8 -7 -6 -6 -5 --------- Run | Scr Mat Min Exi Min Mat Sto Fac Fac Low Fac Machines Accessed 58 | . 3 . 1 . 11 6 13 10 . 14 Terminals 35 | . 2 . . . 9 5 7 5 . 7 Fabricators 6 | . . . . . . . . 3 . 3 Repair Stations 1 | . . . . . . . . . . 1 Recycling Units 9 | . 1 . . . . 1 2 2 . 3 Scanalyzers 4 | . . . . . 1 . 3 . . . Garrison Access 2 | . . . . . 1 . 1 . . . Total Hacks 154 | . 10 . 3 . 37 14 34 27 . 29 Successful 84 | . 5 . 3 . 20 10 17 16 . 13 Failed 70 | . 5 . . . 17 4 17 11 . 16 Catastrophic 9 | . . . . . 1 . 6 . . 2 Database Lockouts . | . . . . . . . . . . . Manual 60 | . 4 . 1 . 18 7 10 6 . 14 Terminals 103 | . 7 . . . 32 13 21 14 . 16 Fabricators 16 | . . . . . . . . 9 . 7 Repair Stations 2 | . . . . . . . . . . 2 Recycling Units 16 | . 3 . . . . 1 4 4 . 4 Scanalyzers 10 | . . . . . 3 . 7 . . . Garrison Access 4 | . . . . . 2 . 2 . . . Terminal Hacks 43 | . 3 . 3 . 12 9 8 6 . 2 Record 3 | . . . 3 . . . . . . . Part Schematic 3 | . . . . . 1 . 2 . . . Open Door 2 | . . . . . . 2 . . . . Level Access Points 2 | . . . . . . 1 1 . . . Branch Access Points 2 | . 1 . . . 1 . . . . . Emergency Access Points 3 | . . . . . 2 . . . . 1 Terminal Index 4 | . 1 . . . 1 1 . 1 . . Unreport Threat 1 | . . . . . . 1 . . . . Locate Traps 7 | . 1 . . . 3 1 1 . . 1 Patrol Status 1 | . . . . . . . 1 . . . Recall Investigation 1 | . . . . . . . 1 . . . Recall Reinforcements 1 | . . . . . . . . 1 . . Hauler Manifests 4 | . . . . . 1 1 . 2 . . Registered Components 1 | . . . . . 1 . . . . . Zone Layout 8 | . . . . . 2 2 2 2 . . Fabricator Hacks 9 | . . . . . . . . 4 . 5 Load Schematic 5 | . . . . . . . . 2 . 3 Build 4 | . . . . . . . . 2 . 2 Repair Station Hacks 2 | . . . . . . . . . . 2 Scan Component 1 | . . . . . . . . . . 1 Repair 1 | . . . . . . . . . . 1 Recycling Unit Hacks 10 | . 2 . . . . . 3 2 . 3 Process 3 | . 1 . . . . . 1 1 . . Retrieve Matter 3 | . 1 . . . . . 1 1 . . Retrieve Components 4 | . . . . . . . 1 . . 3 Scanalyzer 6 | . . . . . 3 . 3 . . . Insert Component 4 | . . . . . 2 . 2 . . . Analyze 2 | . . . . . 1 . 1 . . . Garrison Access Hacks 2 | . . . . . 1 . 1 . . . Seal Access 2 | . . . . . 1 . 1 . . . Unauthorized Hacks 12 | . . . . . 4 1 2 4 . 1 Terminals 10 | . . . . . 4 1 2 2 . 1 Assimilate 4 | . . . . . 2 . 1 1 . . Botnet 6 | . . . . . 2 1 1 1 . 1 Fabricators 2 | . . . . . . . . 2 . . Prioritize 2 | . . . . . . . . 2 . . Repair Stations . | . . . . . . . . . . . Recycling Units . | . . . . . . . . . . . Scanalyzers . | . . . . . . . . . . . Garrison Access . | . . . . . . . . . . . Data Cores Recovered 1 | . . . . . 1 . . . . . Used 1 | . . . . . 1 . . . . . Hacking Detections 46 | . 2 . . . 10 4 11 9 . 10 Full Trace Events . | . . . . . . . . . . . Feedback Events . | . . . . . . . . . . . Feedback Blocked . | . . . . . . . . . . . Robot Schematics Acquired . | . . . . . . . . . . . Robots Built . | . . . . . . . . . . . Matter . | . . . . . . . . . . . Time . | . . . . . . . . . . . Total Robot Build Rating . | . . . . . . . . . . . Part Schematics Acquired 5 | . . . . . 2 . 3 . . . Parts Built 7 | . . . . . . . . 3 . 4 Matter 474 | . . . . . . . . 226 . 248 Time 107 | . . . . . . . . 56 . 51 Total Part Build Rating 13 | . . . . . . . . 5 . 8 Parts Repaired 1 | . . . . . . . . . . 1 Time 26 | . . . . . . . . . . 26 Parts Recycled . | . . . . . . . . . . . Recycled Matter 206 | . 4 . . . . . 175 27 . . Retrieved Matter 230 | . 4 . . . . . 199 27 . . Retrieved Components 10 | . . . . . . . 1 . . 9 Parts Scanalyzed 3 | . . . . . 1 . 2 . . . Part Schematics Acquired 2 | . . . . . 1 . 1 . . . Parts Damaged 1 | . . . . . . . 1 . . . Bothacking | -11 -10 -10 -10 -9 -8 -8 -7 -6 -6 -5 ------------ Run | Scr Mat Min Exi Min Mat Sto Fac Fac Low Fac Used RIF Installer . | . . . . . . . . . . . Robots Hacked . | . . . . . . . . . . . Non-combat . | . . . . . . . . . . . Combat . | . . . . . . . . . . . Robot Hacks Applied . | . . . . . . . . . . . Relay Couplers Released 3 | . . . . . . . 1 2 . . Machine Destruction 3 | . . . . . . . 1 2 . . Robots Rewired . | . . . . . . . . . . . Allies Hacked . | . . . . . . . . . . . Hacks Repelled . | . . . . . . . . . . . Allies | -11 -10 -10 -10 -9 -8 -8 -7 -6 -6 -5 -------- Run | Scr Mat Min Exi Min Mat Sto Fac Fac Low Fac Total Allies 5 | . . . . . 2 . 1 1 1 . Largest Group 2 | . . . . . 2 1 1 1 1 1 Highest-Rated Group 125 | . . . . . 19 10 10 26 125 125 Highest-Rated Ally 125 | . . . . . 10 10 10 26 125 125 Total Orders 4 | . . . . . 2 . . 2 . . STAY 2 | . . . . . 1 . . 1 . . FOLLOW 2 | . . . . . 1 . . 1 . . Ally Attacks 17 | . . . . . . . . . . 17 Total Damage 655 | . . . . . . . . . . 655 Kills 8 | . . . . . . . . . . 8 Allies Corrupted . | . . . . . . . . . . . Allies Melted . | . . . . . . . . . . . Intel | -11 -10 -10 -10 -9 -8 -8 -7 -6 -6 -5 ------- Run | Scr Mat Min Exi Min Mat Sto Fac Fac Low Fac Robot Analysis Total . | . . . . . . . . . . . Derelict Logs Recovered . | . . . . . . . . . . . Drone Launches . | . . . . . . . . . . . Drone Recoveries . | . . . . . . . . . . . Exploration | -11 -10 -10 -10 -9 -8 -8 -7 -6 -6 -5 ------------- Run | Scr Mat Min Exi Min Mat Sto Fac Fac Low Fac Turns Passed 7157 | 16 141 412 240 357 1306 974 1115 1179 119 1298 Spaces Moved 7158 | 22 230 583 300 411 1095 687 1113 1071 237 1409 Core 1799 | 22 230 412 . . . 155 . 49 237 694 Treads . | . . . . . . . . . . . Legs . | . . . . . . . . . . . Wheels 5359 | . . 171 300 411 1095 532 1113 1022 . 715 Hover . | . . . . . . . . . . . Flight . | . . . . . . . . . . . Fastest Speed 50 | 50 50 50 80 80 80 50 80 50 50 50 Average Speed 78 | 50 50 59 80 80 83 79 85 90 50 74 Slowest Speed 350 | 50 50 90 80 80 90 350 110 106 50 150 Overloaded Moves . | . . . . . . . . . . . Propulsion Burnouts . | . . . . . . . . . . . Robots Hopped . | . . . . . . . . . . . Cave-ins Triggered 2 | . . . . . . 2 . . . . Exploration Rate (%) 47 | 3 44 76 71 70 61 70 33 32 26 34 Regions Visited 10 Branch Regions 5 Pre-discovered Areas 2 | . . 1 1 . . . . . . . Known Exits Taken 4 | . 1 . . . 1 1 1 . . . Unknown Exits Taken 6 | 1 . 1 1 1 . . . 1 1 . Scrap Searched . | . . . . . . . . . . . Spaces Dug 147 | . . 37 . 12 3 74 2 12 . 7 Terrain Destroyed 775 | . . 65 . 15 126 191 135 119 . 124 Melee . | . . . . . . . . . . . Projectile . | . . . . . . . . . . . AOE 775 | . . 65 . 15 126 191 135 119 . 124 Terrain Rammed . | . . . . . . . . . . . Walls Destroyed . | . . . . . . . . . . . Machines Disabled . | . . . . . . . . . . . Actions | -11 -10 -10 -10 -9 -8 -8 -7 -6 -6 -5 --------- Run | Scr Mat Min Exi Min Mat Sto Fac Fac Low Fac Total 8503 | 26 255 633 299 434 1449 1068 1227 1242 236 1634 Wait 959 | . 26 32 . 5 298 305 42 109 . 142 Move 7146 | 21 229 582 299 410 1094 684 1112 1070 236 1409 Hop . | . . . . . . . . . . . Pick Up 50 | 4 . 2 . 3 7 2 10 6 . 16 Fast Attach 37 | 1 . 5 . . 7 5 5 3 . 11 Attach 27 | . . 1 . . 3 7 3 5 . 8 Detach 15 | . . . . . 1 5 1 3 . 5 Swap 43 | . . . . 5 3 8 13 11 . 3 Drop 57 | . . 1 . 5 6 12 5 13 . 15 Fire 155 | . . 10 . 6 30 38 28 20 . 23 Melee . | . . . . . . . . . . . Ram 4 | . . . . . . . . 2 . 2 Kick . | . . . . . . . . . . . Crush . | . . . . . . . . . . . Escape Stasis 10 | . . . . . . 2 8 . . . Rewire . | . . . . . . . . . . . Trap . | . . . . . . . . . . . Miscellaneous . | . . . . . . . . . . . Route ------- -11/Scrapyard -10/Materials (discovered 2 exits: *Min x2) -10/Mines (discovered 3 exits: [*Mat x2] / *Exi) -10/Exiles -9/Mines -8/Materials (discovered 4 exits: *Fac x2 / *Sto x2) -8/Storage -7/Factory (discovered 4 exits: *Fac x4) -6/Factory (discovered 2 exits: *Fac / [*Low]) -6/Lower Caves -5/Factory History --------- Turn | Location | Event 10 | -11/Scrapyard | Discovered new exit (range 15) 17 | -11/Scrapyard | Entered Materials 71 | -10/Materials | Identified exit to Mines 158 | -10/Materials | Entered Mines 159 | -10/Mines | Learned location of Storage (-8) 252 | -10/Mines | Assembled infested the area 276 | -10/Mines | Met 8R-AWN 286 | -10/Mines | Discovered new exit (range 8) 303 | -10/Mines | Build established: Mutant 348 | -10/Mines | Discovered new exit (range 11) 386 | -10/Mines | Discovered new exit (range 5) 570 | -10/Mines | Entered Exiles 590 | -10/Exiles | Welcomed by 8R-AWN 603 | -10/Exiles | Met EX-HEX 642 | -10/Exiles | Met EX-DEC 693 | -10/Exiles | Learned location of Zion (-7) 709 | -10/Exiles | Met EX-BIN 719 | -10/Exiles | Aligned with FarCom system 719 | -10/Exiles | Given EX-Vault access code 738 | -10/Exiles | Opened EX-Vault 751 | -10/Exiles | Warned to stay clear of 0b10 Research branches 769 | -10/Exiles | Build established: Scavenger-Mutant 803 | -10/Exiles | Discovered new exit (range 10) 810 | -10/Exiles | Entered Mines 1145 | -9/Mines | Discovered new exit (range 14) 1157 | -9/Mines | Received a Rocket Launcher from a helpful Derelict 1167 | -9/Mines | Entered Materials 1167 | -8/Materials | Evolved 4 slots: Propulsion x1, Utility x3 1459 | -8/Materials | Discovered new exit (range 16) 1737 | -8/Materials | Discovered new exit (range 11) 1887 | -8/Materials | Identified exit to Storage 1969 | -8/Materials | Discovered new exit (range 3) 2473 | -8/Materials | Entered Storage 2473 | -8/Storage | Accompanied by 1 ally 2772 | -8/Storage | Identified exit to Factory 2857 | -8/Storage | Crushed by falling debris 2858 | -8/Storage | System corruption reached 10% 2861 | -8/Storage | Crushed by falling debris 2892 | -8/Storage | Lost 4 parts (1p2n1u) 3270 | -8/Storage | Core integrity fell below 50% 3447 | -8/Storage | Entered Factory 3447 | -7/Factory | Evolved 2 slots: Utility x2 4031 | -7/Factory | Discovered new exit (range 15) 4287 | -7/Factory | Discovered new exit (range 8) 4473 | -7/Factory | Identified exit to Factory 4562 | -7/Factory | Entered another Factory area 4562 | -6/Factory | Accompanied by 1 ally 4562 | -6/Factory | Evolved 2 slots: Power x1, Weapon x1 5184 | -6/Factory | Fabricated Arm. Wheel (x2) 5190 | -6/Factory | Fabricated Hcp. Storage Unit? 5399 | -6/Factory | Build established: Scavenger-Skirmisher 5613 | -6/Factory | Lost 3 parts (2p1n) 5657 | -6/Factory | Lost 4 parts (1n1u2w) 5692 | -6/Factory | Core integrity fell below 50% 5695 | -6/Factory | Discovered new exit (range 10) 5718 | -6/Factory | Discovered new exit (range 3) 5722 | -6/Factory | Lost 5 parts (2n1u2w) 5741 | -6/Factory | Entered Lower Caves 5845 | -6/Lower Caves | Spotted B-75 Beast 5857 | -6/Lower Caves | AD-0RF showed up to help 5859 | -6/Lower Caves | AD-0RF revealed a hidden path 5860 | -6/Lower Caves | Entered Factory 5860 | -5/Factory | Accompanied by 1 ally (AD-0RF) 5860 | -5/Factory | Evolved 2 slots: Propulsion x2 5870 | -5/Factory | Build established: Mutant 5917 | -5/Factory | Repaired Med. Storage Unit 6201 | -5/Factory | Lost 3 parts (3n) 6439 | -5/Factory | Fabricated Arm. Wheel? 6551 | -5/Factory | Found Prototype Launcher 6551 | -5/Factory | Identified Mni. Smartbomb Launcher 6760 | -5/Factory | First assault squad dispatched 7012 | -5/Factory | Core integrity fell below 50% 7146 | -5/Factory | Fabricated Arm. Wheel? 7151 | -5/Factory | Core integrity fell below 20% 7157 | -5/Factory | Spotted B-75 Beast 7158 | -5/Factory | Self-destructed Last Messages --------------- 07083_ Penetrated by Slug. 07090_ Slug penetrates Wall. 07110_ ALERT: Rogue bot located, Programmers report to Factory Zone 9Y. 07116_ System corrupted: Heat flow error (+259). 07126_ Connecting with Fabricator... >>Load(Arm. Wheel) Uploading Arm. Wheel schematic... Loaded successfully: Arm. Wheel Rating: 2 Time: 20 Matter: 124 Initiate build sequence. >>Build Building Arm. Wheel... ETC: 20 07146_ >> FABRICATOR: Completed Arm. Wheel? 07151_ K-01 Serf destroyed. 07153_ K-01 Serf collects debris. 07158_ K-01 Serf cleans the Matter Pump. Map ----- +----------------------------------------------------+ | ?????????????????????????????????????????????????? | | ?????????????????????????????????????????????????? | | ?????????????????????????????????????????????????? | | ?????????????????????????????????????????????????? | | ?????????????????????????????????????????????????? | | ?????????????????????????????????????????????????? | | ??????????????????????????p??????????????????????? | | ?????????????????????????????????????????????????? | | ?????????????????????????????????????????????????? | | ?????????????????????????????????????????????????? | | ?????????????????????????????????????????????????? | | ?????????????????????????????????????????????????? | | ?????????????????????????????????????????????????? | | ?????????????????????????????????????????????????? | | ?????????????????????????????????????????????????? | | ????????????????????????????????????????????????## | | ????????????????????????????????????????????????# | | ????????????????????????????????????????????????# | | ????????????????????????????????????????????????# | | ????????????????????????????????????????????????+ | | ????????????????????????????????????????????????# | | ????????????????????????????????????????????????# | | ??????????????????????????????????????????????### | | ??????????????????????????????????????????????# | | ?????????? ###+######################## | | ?????????? @ =%= | | ?????????? | | ?????????? """ """ """ | | ????????????????" """ Y" p p | | ????????????????? """ """ R A | | ????????????????? k k########+########## | | ????????????????? """ #????? ?????????# | | ?????????w???????u """ #??? ??????????# | | ???????????????? ?""" B??# "???????????# | | ???????????????? ]?? B??# ????????????# | | ????????????????? ]?? #??# ?????????????# | | ?????????????????????? #??#??????????????# | | ??????????????????????## #?????????????????# | | ???????????????????????# ??????????????????# | | ???????????????????????# ################### | | ????????????????????????? | | ?????????????????????????? | | ??????????????????????????? | | ?????????????????????###+##+######### | | ?????????????????????# #????# | | ?????????????????????# ] #????# | | ?????????????????????# ###### | | ?????????????????????# + | | ?????????????????????# """ ######## ##### | | ?????????????????????# "" F"" #??????# #???# | +----------------------------------------------------+ Best States ------------- Heat Dissipation 40 Energy Generation 27 Energy Capacity 480 Matter Stores 300 Matter Capacity 300 Sight Range 16 Terrain Scan Density 10 Additional Mass Support 6 Armor Coverage 150 Evasion (%) 50 Launcher Accuracy 20 Item Schematics ----------------- Hcp. Storage Unit | -8/Materials | Hacked Missile Launcher | -8/Materials | Scanalyzed Hvy. Rocket Launcher | -7/Factory | Scanalyzed Arm. Wheel | -7/Factory | Hacked Imp. Proton Missile Launcher | -7/Factory | Hacked Robot Schematics ------------------ None Fabricated ------------ Arm. Wheel | x2 | -6/Factory Hcp. Storage Unit | x1 | -6/Factory Arm. Wheel | x2 | -5/Factory Arm. Wheel | x2 | -5/Factory Alien Tech Used ----------------- None Achievements -------------- None Challenges ------------ None Game ------ Seed CatalystProcessingRedirector Manual? 0 Play Time 04:20:02 Cumulative 348.0 hours Start 2020.12.24 @ 00:34:01 End 2020.12.27 @ 23:22:24 Sessions 8 Manual Loads 0 Difficulty Rogue Special Mode AFD2018/Launchers Game No. 139 Rogue 103 Adventurer 36 Explorer 0 Win Type - Total 11 Types 11/0/0/0/0/0/0/0/0 Lore% 52 Gallery% 58 Achievement% 43 Wizard Run 0 Options --------- ASCII 0 Keyboard 1 Movement Vi Keybinds 0 Fullscreen 1 Font 18/Terminus Map View 76x50 Tactical HUD 1 Map Filters NONE Filters NONE Steam 0 RUN: 1680a4bb-8114-4f1f-aaf2-997f404ca2b0